 Dungeon Crawl Stone Soup version bcrawl-1.19.2-6-g6a88ae04c9 (webtiles) character file.

Game seed: 8971810378381956686

151 Mrkan the Ducker (level 5, 0/41 HPs)
             Began as a Merfolk Gladiator on Jan 4, 2020.
             Slain by an orc
             ... wielding a +0 dagger
              (1 damage)
             ... on level 3 of the Dungeon.
             The game lasted 00:02:26 (2371 turns).

Mrkan the Ducker (Merfolk Gladiator)                Turns: 2371, Time: 00:02:27

Health: 0/41       AC:  5    Str: 15    XL:     5   Next: 33%
Magic:  5/5        EV: 15    Int:  7    God:
Gold:   137        SH:  0    Dex: 16    Spells: 4/4 levels left

rFire    . . .     SeeInvis .   a - +0 trident
rCold    . . .     Gourm    .   (no shield)
rNeg     . . .     Faith    .   b - +0 leather armour
rPois    .         Spirit   .   c - +0 helmet
rElec    .         Reflect  .   (no cloak)
rCorr    .         Harm     .   (no gloves)
MR       .....                  g - +0 pair of boots
Stlth    +.........             (no amulet)
HPRegen  0.13/turn              (no ring)
MPRegen  0.09/turn              (no ring)

@: no status effects
A: change form in water, swift swim, stealthy swim
a: no special abilities


You were on level 3 of the Dungeon.
You were not hungry.

You visited 1 branch of the dungeon, and saw 3 of its levels.

You collected 137 gold pieces.

Inventory:

Hand Weapons
 a - a +0 trident (weapon)
Missiles
 d - 3 throwing nets (quivered) {!f}
Armour
 b - a +0 leather armour (worn)
 c - a +0 helmet (worn)
 g - a +0 pair of boots (worn)
Jewellery
 o - a +3 ring of intelligence {unknown}
Scrolls
 e - a scroll of remove curse {unknown}
 h - 2 scrolls of identify {unknown}
 k - a scroll of fear {unknown}
 m - a scroll of teleportation {unknown}
Potions
 i - a potion of resistance {unknown}
 j - 2 potions of haste {unknown}
 n - a potion of curing {unknown}
Comestibles
 f - 2 rations {!d}


   Skills:
 + Level 3.4 Fighting
 + Level 5.6 Polearms
 - Level 2.0 Throwing
 * Level 6.1 Dodging


You had 4 spell levels left.
You didn't know any spells.
Your spell library was empty.

Dungeon Overview and Level Annotations

Branches:
Dungeon (3/12)

Altars:


Message History

You closely miss the orc wizard. The orc hits you with a +0 dagger.
* * * LOW HITPOINT WARNING * * *
The orc wizard gestures at you while chanting.
The magic dart hits you!
* * * LOW HITPOINT WARNING * * *
You hit the orc wizard.
The orc wizard is moderately wounded.
The orc barely misses you. The orc wizard casts a spell at you.
The magic dart hits you!
* * * LOW HITPOINT WARNING * * *
You hit the orc wizard.
The orc wizard is heavily wounded.
The orc hits you with a +0 dagger.
* * * LOW HITPOINT WARNING * * *
The orc wizard closely misses you.
You hit the orc wizard.
The orc wizard is almost dead.
The orc hits you with a +0 dagger.
You die...

..# #.. ##..##. #.
....... #.#.#
##...<... .....##
#......b. .......##
#......!.
........###@o......
...........o.......
...........#.......
.....$.[..##>......
.......<.## .......
..........# .......
........### #####..
.......## #.
###.#..


You could see an orc wizard, an orc and a bat.

Vanquished Creatures
  An orc priest (D:3)
  An orc wizard (D:2)
  4 adders (D:2)
  An ooze (D:1)
  A worm (D:2)
  4 dart slugs
  2 leopard geckos (D:1)
  5 orcs
  4 giant cockroaches
  4 goblins
  A hobgoblin (D:2)
  A quokka (D:2)
  3 bats
  2 frilled lizards (D:1)
  3 kobolds
  3 rats (D:1)
40 creatures vanquished.

Notes
Turn   | Place    | Note
-------+----------+-------------------------------------------
     0 | D:1      | Mrkan the Merfolk Gladiator began the quest for the Orb.
     0 | D:1      | Reached XP level 1. HP: 16/16 MP: 1/1
    66 | D:1      | Reached XP level 2. HP: 23/23 MP: 2/2
   261 | D:1      | Reached XP level 3. HP: 28/28 MP: 3/3
   676 | D:2      | Reached skill level 5 in Dodging
   832 | D:2      | Reached skill level 5 in Polearms
   957 | D:2      | Reached XP level 4. HP: 29/35 MP: 4/4
  2095 | D:2      | Reached XP level 5. HP: 6/41 MP: 5/5
  2366 | D:3      | Reached skill level 6 in Dodging
  2369 | D:3      | HP: 2/41 [orc wizard/magic dart (4)]
  2371 | D:3      | Slain by an orc

Skill      XL: |  1  2  3  4  5 |
---------------+----------------+-----
Dodging        | 5 6 |  6.1
Polearms       | 5 |  5.6
Fighting       | 3 |  3.4
Throwing       | |  2.0

Action                   |  1- 3 |  4- 6 || total
-------------------------+-------+-------++-------
Melee: Trident           |    94 |    70 ||   164
 Stab: Sleeping          |     1 |     1 ||     2
  Eat: Chunk             |       |     5 ||     5
Armor: Leather armour    |    11 |    16 ||    27
Dodge: Dodged            |    78 |    75 ||   153
